 Dungeon Crawl Stone Soup version 0.30-a0-1074-g5db6f66fbb (webtiles) character file.

Game seed: 4925730226387188943

49 NinjaNoafa the Shooter (level 3, 0/28 HPs)
             Began as a Barachi Hunter on Apr 13, 2023.
             Slain by a scorpion (2 damage)
             ... on level 3 of the Dungeon.
             The game lasted 00:01:55 (1541 turns).

NinjaNoafa the Shooter (Barachi Hunter)             Turns: 1541, Time: 00:01:56

Health: 0/28       AC:  3    Str: 18    XL:     3   Next: 77%
Magic:  3/3        EV: 12    Int:  9    God:
Gold:   141        SH:  0    Dex: 17    Spells: 2/2 levels left

rFire   . . .      SeeInvis .    a - +0 shortbow
rCold   . . .      Faith    .    (shield currently unavailable)
rNeg    . . .      Spirit   .    c - +0 leather armour
rPois   .          Reflect  .    (no helmet)
rElec   .          Rampage  .    (no cloak)
rCorr   .                        (no gloves)
Will    .....                    (no boots)
Stlth   ++                       (no amulet)
HPRegen 0.24/turn                m - +6 ring of strength
MPRegen 0.08/turn                (no ring)

@: lethally poisoned (0 -> -25), unable to hop, slow
A: amphibious, slowness 1, strong legs 1, +LOS
a: Hop


You were on level 3 of the Dungeon.
You visited 1 branch of the dungeon, and saw 3 of its levels.

You collected 141 gold pieces.

Inventory:

Hand Weapons
 a - a +0 shortbow (weapon)
 b - a +2 short sword of venom
Armour
 c - a +0 leather armour (worn)
Jewellery
 m - a +6 ring of strength (left hand)
Scrolls
 d - a scroll of silence {unknown}
 f - a scroll of butterflies {unknown}
 g - 3 scrolls of amnesia {unknown}
 h - a scroll of immolation
 j - 2 scrolls of identify {unknown}
 n - 2 scrolls of noise {unknown}
 o - 2 scrolls of magic mapping {unknown}
 q - a scroll of teleportation {unknown}
Potions
 e - a potion of magic {unknown}
 i - a potion of invisibility {unknown}
 k - a potion of brilliance {unknown}
 l - a potion of flight {unknown}
 p - a potion of curing {unknown}


   Skills:
 - Level 2.4 Fighting
 + Level 5.3 Ranged Weapons
 - Level 2.1 Dodging
 - Level 0.8 Stealth


You had 2 spell levels left.
You didn't know any spells.
Your spell library contained the following spells:

 Spells                   Type           Power      Damage    Failure   Level
 Dazzling Flash           Conj/Hex       0%         N/A       82%         3
 Agony                    Necr           0%         N/A       100%        5
 Silence                  Hex/Air        0%         N/A       100%        5


Dungeon Overview and Level Annotations

Branches:
Dungeon (3/15)

Altars:


Innate Abilities, Weirdness & Mutations

You are amphibious.
You cover ground slowly.
You can hop short distances.
You have an extended range of vision and can be seen from far away.


Message History

A scorpion is nearby!
You shoot an arrow. The arrow closely misses the scorpion.
A scorpion is nearby!
A scorpion is nearby!
You shoot an arrow. The arrow barely misses the scorpion.
You shoot an arrow. The arrow hits the scorpion.
The scorpion is almost dead.
A scorpion is nearby!
You shoot an arrow. The arrow barely misses the scorpion.
The scorpion stings you.
You are poisoned.
The scorpion poisons you!
Your +2 short sword of venom begins to drip with poison!
b - a +2 short sword of venom (weapon)
You feel sick.
You closely miss the scorpion.
The scorpion is almost dead.
You feel very sick. The scorpion stings you.
You are lethally poisoned!
The scorpion poisons you!
Hop to where?
Press: ? - help, Dir - move target, p - scorpion Boing!
* * * LOW HITPOINT WARNING * * *
You feel very sick.
Unknown command.
Your +2 short sword of venom stops dripping with poison.
a - a +0 shortbow (weapon)
* * * LOW HITPOINT WARNING * * *
You feel sick.
Unknown command.
You shoot an arrow. The arrow barely misses the scorpion.
* * * LOW HITPOINT WARNING * * *
You feel very sick. The scorpion stings you.
* * * LOW HITPOINT WARNING * * *
You are more poisoned.
The scorpion poisons you! The scorpion stings you.
You die...

#.# #.# #.# #. #.#
.... #.# #
######..##. #.#
#.##.......... #.#
#....○...#
#.##########s#####
#...........@#
##############


You could see a scorpion.

Vanquished Creatures
  A worm (D:2)
  An orc (D:3)
  7 bats
  3 endoplasms (D:1)
  4 hobgoblins
  2 quokkas (D:2)
  6 ball pythons
  2 frilled lizards
  5 goblins
  6 kobolds
  5 rats
42 creatures vanquished.

Notes
Turn   | Place    | Note
-------+----------+-------------------------------------------
     0 | D:1      | NinjaNoafa the Barachi Hunter began the quest for the Orb.
     0 | D:1      | Reached XP level 1. HP: 17/17 MP: 1/1
   169 | D:1      | Reached XP level 2. HP: 15/23 MP: 2/2
   394 | D:1      | Found a faded altar of an unknown god.
   680 | D:1      | Reached XP level 3. HP: 28/28 MP: 3/3
   977 | D:2      | Reached skill level 5 in Ranged Weapons
  1531 | D:3      | Noticed a scorpion
  1541 | D:3      | Slain by a scorpion

Illustrated notes

Levels and vault maps discovered:
D:1:      reono_arrival_forest_river, layout_basic,
          hellmonk_ecumenical_altar_inner_sanctum, chequers_jeans
D:2:      layout_basic
D:3:      layout_loops_ring, serial_park_tiny_pond

Skill      XL: |  1  2  3 |
---------------+----------+-----
Ranged Weapons | 5 |  5.3
Fighting       | |  2.4
Dodging        | |  2.1
Stealth        | |  0.8

Action                     || total
---------------------------++-------
  Melee: Dagger            ||     2
         Short sword       ||     1
   Fire: Shortbow          ||   110
Ability: Hop               ||     2
 Armour: Leather armour    ||    18
  Dodge: Dodged            ||    38

Table legend: (Time is in decaauts)
 A = Elapsed time spent in this place.
 B = Non-inter-level travel time spent in this place.
 C = Inter-level travel time spent in this place.
 D = Time resting spent in this place.
 E = Time spent auto-exploring this place.
 F = Levels seen in this place.
 G = Mean time per level.
                   A        B        C        D        E       F      G
               +--------+--------+--------+--------+--------+-----+--------+
         Total |   1837 |   1711 |    126 |      0 |   1396 |   3 |  612.3 |
       Dungeon |   1837 |   1711 |    126 |      0 |   1396 |   3 |  612.3 |
               +--------+--------+--------+--------+--------+-----+--------+

Top non-repeatable levels by time:
     D:1: 1114 daAuts
     D:2: 470 daAuts
     D:3: 252 daAuts
